 Dungeon Crawl Stone Soup version 0.17-a0-1987-gaf5a542 (webtiles) character file.

49 Shim the Grasshopper (level 3, -1/24 HPs)
             Began as a High Elf Warper on Oct 6, 2015.
             Slain by a goblin
             ... wielding a +0 dagger
              (3 damage)
             ... on level 2 of the Dungeon.
             The game lasted 00:05:31 (1906 turns).

Shim the Grasshopper (High Elf Warper)              Turns: 1906, Time: 00:05:31

Health: -1/24      AC:  3    Str: 10    XL:     3   Next: 53%
Magic:  6/7        EV: 12    Int: 16    God:
Gold:   140        SH:  0    Dex: 16    Spells: 3 memorised, 2 levels left

rFire  . . .     SeeInvis .     a - +0 short sword
rCold  . . .     Clarity  .     b - +0 leather armour
rNeg   . . .     SustAt   .     (no shield)
rPois  .         Gourm    .     (no helmet)
rElec  .         Spirit   .     (no cloak)
rCorr  .         Warding  .     (no gloves)
rMut   .         Stasis   .     (no boots)
MR     .....                    (no amulet)
Stlth  ++........               (no ring)
                                (no ring)

@: not resistant to hostile enchantments, unstealthy
A: no striking features
a: no special abilities


You were on level 2 of the Dungeon.
You were not hungry.

You visited 1 branch of the dungeon, and saw 2 of its levels.

You collected 140 gold pieces.

Inventory:

Hand Weapons
 a - a +0 short sword (weapon)
 l - a +0 dagger
Missiles
 e - 3 tomahawks of dispersal
 h - 55 stones (quivered)
Armour
 b - a +0 leather armour (worn)
Scrolls
 d - a scroll of blinking
 i - a scroll of random uselessness {unknown}
 k - a scroll of identify {unknown}
 m - 3 scrolls of amnesia {unknown}
Potions
 g - a potion of lignification {unknown}
 j - a potion of heal wounds {unknown}
Books
 c - a book of Spatial Translocations

   Spells                             Type                      Level
   a - Apportation                    Translocation                1
   b - Blink                          Translocation                2
   c - Shroud of Golubria             Charms/Translocation         2
   d - Portal Projectile              Translocation                3
   e - Teleport Other                 Translocation                3
   f - Passage of Golubria            Translocation                4


   Skills:
 + Level 2.1 Fighting
 + Level 2.7 Short Blades
 * Level 1.5 Throwing
 + Level 1.0 Armour
 + Level 2.7 Dodging
 * Level 1.3 Stealth
 + Level 2.5 Spellcasting
 + Level 0.8 Charms
 + Level 3.6 Translocations


You had 2 spell levels left.
You knew the following spells:

 Your Spells              Type           Power        Failure   Level  Hunger
a - Apportation           Tloc           ##........   8%          1    #......
b - Blink                 Tloc           N/A          12%         2    ##.....
c - Shroud of Golubria    Chrm/Tloc      #.........   21%         2    ##.....


Dungeon Overview and Level Annotations

Branches:
Dungeon (2/15)

Altars:


Message History

The giant cockroach is heavily wounded.
The giant cockroach bites you but does no damage.
You hit the giant cockroach.
The giant cockroach is almost dead.
The giant cockroach bites you but does no damage.
The giant cockroach closely misses you.
You hit the giant cockroach.
You kill the giant cockroach!
The goblin shoots a stone.
The stone hits you.
* * * LOW HITPOINT WARNING * * *
The goblin closely misses you.
The goblin unwields an uncursed hunting sling.
The goblin misses you.
You see here an adder corpse.
You hit the goblin.
You kill the goblin!
Your shroud begins to fray at the edges.
The goblin completely misses you.
You completely miss the goblin. The goblin hits you with a dagger.
You die... (...
P.. .... #?.PPP .... #PP

.... ....## # #..
....g######.# ...
.!...g......# ##.
....(###.########## #.
....(# #.####..)@(♣ #
..(..###...$...g#♣P.P
......#....>.##..♣P..♣
(.......!########♣
.PP. (.....##.. ≈ .♣
#. ##..###### ≈≈ ♣ #.
. ### ≈P .###. PP
...♣. ....


You could see a goblin.

Vanquished Creatures
  2 adders (D:2)
  An ooze (D:1)
  5 giant cockroaches
  2 hobgoblins
  A ball python (D:1)
  2 bats (D:2)
  2 giant geckos (D:2)
  5 goblins
  A kobold (D:1)
  A quokka (D:2)
  3 rats (D:2)
25 creatures vanquished.

Vanquished Creatures (others)
  A plant (D:2)
1 creature vanquished.

Grand Total: 26 creatures vanquished

Notes
Turn   | Place    | Note
--------------------------------------------------------------
     0 | D:1      | Shim the High Elf Warper began the quest for the Orb.
     0 | D:1      | Reached XP level 1. HP: 14/14 MP: 4/4
   238 | D:1      | Reached XP level 2. HP: 9/19 MP: 4/6
   488 | D:1      | Learned a level 2 spell: Blink
   955 | D:2      | Learned a level 2 spell: Shroud of Golubria
  1208 | D:2      | Reached skill level 1 in Stealth
  1208 | D:2      | Reached XP level 3. HP: 11/24 MP: 2/7
  1896 | D:2      | Reached skill level 1 in Armour
  1906 | D:2      | Slain by a goblin

Vault maps used:
D:1:      lemuel_arrival_river_ford
D:2:      overflow_temple_1_default, serial_forest,
          infiniplex_forest_clump_tiny, infiniplex_forest_lined_2,
          infiniplex_forest_clump_tiny, infiniplex_forest_end_2,
          infiniplex_forest_clump_C, infiniplex_forest_pool,
          infiniplex_forest_clump_long

Action                   || total
-------------------------++-------
Melee: Short sword       ||   159
Throw: Stone             ||    18
       Tomahawk          ||     2
 Cast: Shroud of Golubri ||     3
  Eat: Chunk             ||     1
       Bread ration      ||     1
